Workbook

Sheet Final BS @ 310326
A1: Balance Sheet
A2: Glassford Community Group
A3: As at 31 March 2026
B5: Account | C5: 31 Mar 2026
A7: Fixed Assets
B8: Tangible Assets
B9: Buildings | C9: 30480
B10: Total Tangible Assets | C10: =+C9 -> 30480
A11: Total Fixed Assets | C11: =+C10 -> 30480
A13: Current Assets
B14: Cash at bank and in hand
B15: Glassford Community Group | C15: 29269.62
B16: Glassford Community Group#001 | C16: 7393.22
B17: Petty Cash | C17: 11217.1
B18: Total Cash at bank and in hand | C18: =SUM(C15:C17) -> 47879.94
B19: Accounts Receivable | C19: 540
B20: Bar Stock | C20: 870.06
B21: Inventory | C21: 2104.24
B22: Prepayments | C22: 4131.7
A23: Total Current Assets | C23: =SUM(C18:C22) -> 55525.94
A25: Creditors: amounts falling due within one year
B26: Accruals | C26: 11442.78
B27: VAT | C27: 1413.59
A28: Total Creditors: amounts falling due within one year | C28: =SUM(C26:C27) -> 12856.37
B30: Net Current Assets (Liabilities) | C30: =+C23-C28 -> 42669.57
B32: Total Assets less Current Liabilities | C32: =+C30+C11 -> 73149.57
B34: Net Assets | C34: =+C32 -> 73149.57
A36: Capital and Reserves
B37: Current Year Earnings | C37: 2329.19
B38: Retained Earnings | C38: 70820.38
A39: Total Capital and Reserves | C39: =SUM(C37:C38) -> 73149.57

Sheet Final P&L @ 310326
A1: Profit and Loss
A2: Glassford Community Group
A3: For the year ended 31 March 2026
A5: Account | B5: 2026
A7: Turnover
A8: GCG - Income - B&G Festival - Bar Takings | B8: 9282.37
A9: GCG - Income - B&G Festival - Other Income | B9: 1073.33
A10: GCG - Income - B&G Festival - Sponsors | B10: 3733.33
A11: GCG - Income - B&G Festival - Stall & Catering Holders | B11: 2716.67
A12: GCG - Income - B&G Festival - Ticket Sales | B12: 7291.22
A13: GCG - Income - Hall Hires | B13: 6669.2
A14: GCG - Income - Other | B14: 2.46
A15: GCG - Income from Events (Comedy, Music etc) - Bar Takings | B15: 5515.82
A16: GCG - Income from Events (Comedy, Music etc) - Raffle/Donations | B16: 3087.49
A17: GCG - Income from Events (Comedy, Music etc) - Ticket Sales | B17: 2601.5
A18: GCG - Other Revenue XXX | B18: 102
A19: GCG - Sales - Grant Income | B19: 35463.8
A20: Total Turnover | B20: =SUM(B8:B19) -> 77539.19
A22: Cost of Sales
A23: GCG - Cost of Sales on Bar Takings - All Other Events | B23: 5688.82
A24: GCG - Cost of Sales on Bar Takings - B&G Festival | B24: 1800.69
A25: Total Cost of Sales | B25: =SUM(B23:B24) -> 7489.51
A27: Gross Profit | B27: =+B20-B25 -> 70049.68
A29: Administrative Costs
A30: GCG - B&G Festival Costs | B30: 16846.43
A31: GCG - Equipment & Rental costs | B31: 2662.54
A32: GCG - Hall Refurb Project - Prof Fees | B32: 35463.8
A33: GCG - Hall Repairs & Maintenance Costs | B33: 2567.52
A34: GCG - Insurance | B34: 1574.07
A35: GCG - Other Events Costs | B35: 3200.99
A36: GCG - Other/Misc Costs | B36: 3011.44
A37: GCG - Utilities Costs | B37: 1803.06
A38: GCG - Web, Tech etc | B38: 590.64
A39: Total Administrative Costs | B39: 0
A41: Operating Profit | B41: =SUM(B30:B40) -> 67720.49
A43: Profit on Ordinary Activities Before Taxation | B43: =+B27-B41 -> 2329.19
A45: Profit after Taxation | B45: =+B43 -> 2329.19

Sheet Final TB @ 310326
A1: Trial Balance
A2: Glassford Community Group
A3: As at 31 March 2026
A5: Account Code | B5: Account | C5: Account Type | D5: Debit - Year to date | E5: Credit - Year to date | F5: 31 Mar 2025
A6: 200 | B6: GCG - Sales - Grant Income | C6: Revenue | E6: 35463.8 | F6: -6976.09 | H6: =+D6-'Trial Balance'!D6 -> 0 | I6: =+E6-'Trial Balance'!E6 -> -6289.56
A7: 210 | B7: GCG - Income - B&G Festival - Ticket Sales | C7: Revenue | E7: 7291.22 | F7: -10874.22 | H7: =+D7-'Trial Balance'!D7 -> 0 | I7: =+E7-'Trial Balance'!E7 -> 4099.7
A8: 211 | B8: GCG - Income - B&G Festival - Stall & Catering Holders | C8: Revenue | E8: 2716.67 | F8: -2058.34 | H8: =+D8-'Trial Balance'!D8 -> 0 | I8: =+E8-'Trial Balance'!E8 -> 0
A9: 212 | B9: GCG - Income - B&G Festival - Sponsors | C9: Revenue | E9: 3733.33 | F9: -4941.6 | H9: =+D9-'Trial Balance'!D9 -> 0 | I9: =+E9-'Trial Balance'!E9 -> 0
A10: 213 | B10: GCG - Income - B&G Festival - Bar Takings | C10: Revenue | E10: 9282.37 | F10: -8553.1 | H10: =+D10-'Trial Balance'!D10 -> 0 | I10: =+E10-'Trial Balance'!E10 -> 0
A11: 214 | B11: GCG - Income - B&G Festival - Other Income | C11: Revenue | E11: 1073.33 | F11: -1424.17 | H11: =+D11-'Trial Balance'!D11 -> 0 | I11: =+E11-'Trial Balance'!E11 -> 0
A12: 220 | B12: GCG - Income from Events (Comedy, Music etc) - Ticket Sales | C12: Revenue | E12: 2601.5 | F12: -10459.37 | H12: =+D12-'Trial Balance'!D12 -> 0 | I12: =+E12-'Trial Balance'!E12 -> 0
A13: 221 | B13: GCG - Income from Events (Comedy, Music etc) - Bar Takings | C13: Revenue | E13: 5515.82 | F13: -16253.35 | H13: =+D13-'Trial Balance'!D13 -> 0 | I13: =+E13-'Trial Balance'!E13 -> 0
A14: 222 | B14: GCG - Income from Events (Comedy, Music etc) - Raffle/Donations | C14: Revenue | E14: 3087.49 | F14: -2906.77 | H14: =+D14-'Trial Balance'!D14 -> 0 | I14: =+E14-'Trial Balance'!E14 -> 0
A15: 230 | B15: GCG - Income - Hall Hires | C15: Revenue | E15: 6669.2 | F15: -2204.18 | H15: =+D15-'Trial Balance'!D15 -> 0 | I15: =+E15-'Trial Balance'!E15 -> 0
A16: 235 | B16: GCG - Income - Other | C16: Revenue | E16: 2.46 | F16: -395.83 | H16: =+D16-'Trial Balance'!D16 -> 0 | I16: =+E16-'Trial Balance'!E16 -> 0
A17: 260 | B17: GCG - Other Revenue XXX | C17: Revenue | E17: 102 | F17: 0 | H17: =+D17-'Trial Balance'!D17 -> 0 | I17: =+E17-'Trial Balance'!E17 -> 32
A18: 312 | B18: GCG - Cost of Sales on Bar Takings - B&G Festival | C18: Direct Costs | D18: 1800.69 | F18: 3597.83 | H18: =+D18-'Trial Balance'!D18 -> -351.3 | I18: =+E18-'Trial Balance'!E18 -> 0
A19: 314 | B19: GCG - Cost of Sales on Bar Takings - All Other Events | C19: Direct Costs | D19: 5688.82 | F19: 6747.39 | H19: =+D19-'Trial Balance'!D19 -> -286.15 | I19: =+E19-'Trial Balance'!E19 -> 0
A20: 330 | B20: GCG - Hall Refurb Project - Prof Fees | C20: Overhead | D20: 35463.8 | F20: 3756.09 | H20: =+D20-'Trial Balance'!D20 -> 0 | I20: =+E20-'Trial Balance'!E20 -> 0
A21: 340 | B21: GCG - Hall Repairs & Maintenance Costs | C21: Overhead | D21: 2567.52 | F21: 804.49 | H21: =+D21-'Trial Balance'!D21 -> 0 | I21: =+E21-'Trial Balance'!E21 -> 0
A22: 342 | B22: GCG - Utilities Costs | C22: Overhead | D22: 1803.06 | F22: 3371.68 | H22: =+D22-'Trial Balance'!D22 -> 0 | I22: =+E22-'Trial Balance'!E22 -> 0
A23: 345 | B23: GCG - Insurance | C23: Overhead | D23: 1574.07 | F23: 1078.39 | H23: =+D23-'Trial Balance'!D23 -> 0 | I23: =+E23-'Trial Balance'!E23 -> 0
A24: 350 | B24: GCG - Equipment & Rental costs | C24: Overhead | D24: 2662.54 | F24: 3630.33 | H24: =+D24-'Trial Balance'!D24 -> 720 | I24: =+E24-'Trial Balance'!E24 -> 0
A25: 355 | B25: GCG - Web, Tech etc | C25: Overhead | D25: 590.64 | F25: 211.5 | H25: =+D25-'Trial Balance'!D25 -> 0 | I25: =+E25-'Trial Balance'!E25 -> 0
A26: 365 | B26: GCG - B&G Festival Costs | C26: Overhead | D26: 16846.43 | F26: 17563.13 | H26: =+D26-'Trial Balance'!D26 -> 4532.52 | I26: =+E26-'Trial Balance'!E26 -> 0
A27: 375 | B27: GCG - Other Events Costs | C27: Overhead | D27: 3200.99 | F27: 10918.03 | H27: =+D27-'Trial Balance'!D27 -> 0 | I27: =+E27-'Trial Balance'!E27 -> 0
A28: 395 | B28: GCG - Other/Misc Costs | C28: Overhead | D28: 3011.44 | F28: 2330.43 | H28: =+D28-'Trial Balance'!D28 -> 252 | I28: =+E28-'Trial Balance'!E28 -> 0
A29: 404 | B29: Bank Fees | C29: Overhead | D29: 0 | F29: 10.37 | H29: =+D29-'Trial Balance'!D29 -> 0 | I29: =+E29-'Trial Balance'!E29 -> 0
A30: 412 | B30: Consulting | C30: Overhead | D30: 0 | F30: 690 | H30: =+D30-'Trial Balance'!D30 -> 0 | I30: =+E30-'Trial Balance'!E30 -> 0
B31: Petty Cash | C31: Bank | D31: 11217.1 | F31: 11734.9 | H31: =+D31-'Trial Balance'!D31 -> 0 | I31: =+E31-'Trial Balance'!E31 -> 0
B32: Glassford Community Group | C32: Bank | D32: 29269.62 | F32: 29640.56 | H32: =+D32-'Trial Balance'!D32 -> 0 | I32: =+E32-'Trial Balance'!E32 -> 0
B33: Glassford Community Group#001 | C33: Bank | D33: 7393.22 | F33: 12080 | H33: =+D33-'Trial Balance'!D33 -> 0 | I33: =+E33-'Trial Balance'!E33 -> 0
A34: 610 | B34: Accounts Receivable | C34: Current Asset | D34: 540 | F34: 0 | H34: =+D34-'Trial Balance'!D34 -> 0 | I34: =+E34-'Trial Balance'!E34 -> 0
A35: 620 | B35: Prepayments | C35: Current Asset | D35: 4131.7 | F35: -11243.91 | H35: =+D35-'Trial Balance'!D35 -> 4131.7 | I35: =+E35-'Trial Balance'!E35 -> 0
A36: 630 | B36: Inventory | C36: Current Asset | D36: 2104.24 | F36: 2104.24 | H36: =+D36-'Trial Balance'!D36 -> 0 | I36: =+E36-'Trial Balance'!E36 -> 0
A37: 635 | B37: Bar Stock | C37: Current Asset | D37: 870.06 | F37: 583.91 | H37: =+D37-'Trial Balance'!D37 -> 286.15 | I37: =+E37-'Trial Balance'!E37 -> 0
A38: 740 | B38: Buildings | C38: Fixed Asset | D38: 30480 | F38: 30480 | H38: =+D38-'Trial Balance'!D38 -> 0 | I38: =+E38-'Trial Balance'!E38 -> 0
A39: 805 | B39: Accruals | C39: Current Liability | E39: 11442.78 | F39: -2095.3 | H39: =+D39-'Trial Balance'!D39 -> 0 | I39: =+E39-'Trial Balance'!E39 -> 11442.78
A40: 820 | B40: VAT | C40: Current Liability | E40: 1413.59 | F40: -2464.02 | H40: =+D40-'Trial Balance'!D40 -> 0 | I40: =+E40-'Trial Balance'!E40 -> 0
A41: 960 | B41: Retained Earnings | C41: Equity | E41: 70820.38 | F41: -58483.02 | H41: =+D41-'Trial Balance'!D41 -> 0 | I41: =+E41-'Trial Balance'!E41 -> 0
A42: Total | D42: =SUM(D6:D41) -> 161215.94 | E42: =SUM(E6:E41) -> 161215.94 | F42: =SUM(F6:F41) -> 0 | H42: =+D42-'Trial Balance'!D42 -> 9284.92 | I42: =+E42-'Trial Balance'!E42 -> 9284.92
C46: Profit/(Loss) | D46: =SUM(E6:E17)-SUM(D18:D30) -> 2329.19

Sheet To Do
B5: To Do @ 28/9/26 - All DONE
A7: PD | B7: Review all pre & post year end income and expenditure on yellow coloured tabs to establish any accruals & prepayments
A8: done | B8: Review Grant Income Code 200 tab to match all grant income to relevant spend in Nominal Detail Costs
A9: ID | B9: Adjust Stock Value in BS
A10: PD | B10: Other Accruals - EDF energy costs
A11: ID | B11: VAT Balance

Sheet Year End Journals Summary
D8: Summary Journal: Accrued Income into 2025-26 FY | F8: Dr | G8: Cr
D10: GCG - Income - B&G Festival - Ticket Sales | E10: 210 | G10: 4099.7
D11: Total GCG - Other Revenue XXX | E11: 260 | G11: 32
D12: Prepsayments / Accrued Income | E12: 620 | F12: 4131.7
F13: 4131.7 | G13: 4131.7
D16: Summary Journal: Accrued Costs into 2025-26 FY | F16: Dr | G16: Cr
D18: Total GCG - B&G Festival Costs | E18: 365 | F18: 4532.52
D19: Total GCG - Equipment & Rental costs | E19: 350 | F19: 720
D20: Total GCG - Other/Misc Costs | E20: 395 | F20: 252
D21: Total GCG - Cost of Sales on Bar Takings - B&G Festival | E21: 312 | G21: 351.3
D22: Accruals | E22: 805 | G22: 5153.22
F23: 5504.52 | G23: 5504.52
D26: Prepaid Grant Income - Journal Required: | F26: Dr | G26: Cr
D28: GCG - Sales - Grant Income | E28: 200 | F28: 6289.56
D29: Accruals/Prepaid Income | E29: 805 | G29: 6289.56
D32: Stock Adjustment
D33: Stock Value @ 31/3/26 | F33: 2974.3
D34: 630 Inventory | F34: 2104.24
D35: 635 Bar Stock | F35: 583.91
D36: Adjustment Req'd | F36: 286.15 | G36: Dr 635 | H36: Cr 314

Sheet Trial Balance
A1: Trial Balance
A2: Glassford Community Group
A3: As at 31 March 2026
A5: Account Code | B5: Account | C5: Account Type | D5: Debit - Year to date | E5: Credit - Year to date | F5: 31 Mar 2025
A6: 200 | B6: GCG - Sales - Grant Income | C6: Revenue | E6: 41753.36 | F6: -6976.09
A7: 210 | B7: GCG - Income - B&G Festival - Ticket Sales | C7: Revenue | E7: 3191.52 | F7: -10874.22
A8: 211 | B8: GCG - Income - B&G Festival - Stall & Catering Holders | C8: Revenue | E8: 2716.67 | F8: -2058.34
A9: 212 | B9: GCG - Income - B&G Festival - Sponsors | C9: Revenue | E9: 3733.33 | F9: -4941.6
A10: 213 | B10: GCG - Income - B&G Festival - Bar Takings | C10: Revenue | E10: 9282.37 | F10: -8553.1
A11: 214 | B11: GCG - Income - B&G Festival - Other Income | C11: Revenue | E11: 1073.33 | F11: -1424.17
A12: 220 | B12: GCG - Income from Events (Comedy, Music etc) - Ticket Sales | C12: Revenue | E12: 2601.5 | F12: -10459.37
A13: 221 | B13: GCG - Income from Events (Comedy, Music etc) - Bar Takings | C13: Revenue | E13: 5515.82 | F13: -16253.35
A14: 222 | B14: GCG - Income from Events (Comedy, Music etc) - Raffle/Donations | C14: Revenue | E14: 3087.49 | F14: -2906.77
A15: 230 | B15: GCG - Income - Hall Hires | C15: Revenue | E15: 6669.2 | F15: -2204.18
A16: 235 | B16: GCG - Income - Other | C16: Revenue | E16: 2.46 | F16: -395.83
A17: 260 | B17: GCG - Other Revenue XXX | C17: Revenue | E17: 70 | F17: 0
A18: 312 | B18: GCG - Cost of Sales on Bar Takings - B&G Festival | C18: Direct Costs | D18: 2151.99 | F18: 3597.83 | G18: x
A19: 314 | B19: GCG - Cost of Sales on Bar Takings - All Other Events | C19: Direct Costs | D19: 5974.97 | F19: 6747.39 | G19: x
A20: 330 | B20: GCG - Hall Refurb Project - Prof Fees | C20: Overhead | D20: 35463.8 | F20: 3756.09 | G20: x
A21: 340 | B21: GCG - Hall Repairs & Maintenance Costs | C21: Overhead | D21: 2567.52 | F21: 804.49 | G21: x
A22: 342 | B22: GCG - Utilities Costs | C22: Overhead | D22: 1803.06 | F22: 3371.68 | G22: x
A23: 345 | B23: GCG - Insurance | C23: Overhead | D23: 1574.07 | F23: 1078.39 | G23: x
A24: 350 | B24: GCG - Equipment & Rental costs | C24: Overhead | D24: 1942.54 | F24: 3630.33 | G24: x
A25: 355 | B25: GCG - Web, Tech etc | C25: Overhead | D25: 590.64 | F25: 211.5 | G25: x
A26: 365 | B26: GCG - B&G Festival Costs | C26: Overhead | D26: 12313.91 | F26: 17563.13 | G26: x
A27: 375 | B27: GCG - Other Events Costs | C27: Overhead | D27: 3200.99 | F27: 10918.03 | G27: x
A28: 395 | B28: GCG - Other/Misc Costs | C28: Overhead | D28: 2759.44 | F28: 2330.43 | G28: x
A29: 404 | B29: Bank Fees | C29: Overhead | D29: 0 | F29: 10.37
A30: 412 | B30: Consulting | C30: Overhead | D30: 0 | F30: 690
B31: Petty Cash | C31: Bank | D31: 11217.1 | F31: 11734.9
B32: Glassford Community Group | C32: Bank | D32: 29269.62 | F32: 29640.56
B33: Glassford Community Group#001 | C33: Bank | D33: 7393.22 | F33: 12080
A34: 610 | B34: Accounts Receivable | C34: Current Asset | D34: 540 | F34: 0
A35: 620 | B35: Prepayments | C35: Current Asset | D35: 0 | F35: -11243.91
A36: 630 | B36: Inventory | C36: Current Asset | D36: 2104.24 | F36: 2104.24
A37: 635 | B37: Bar Stock | C37: Current Asset | D37: 583.91 | F37: 583.91
A38: 740 | B38: Buildings | C38: Fixed Asset | D38: 30480 | F38: 30480
A39: 805 | B39: Accruals | C39: Current Liability | E39: 0 | F39: -2095.3
A40: 820 | B40: VAT | C40: Current Liability | E40: 1413.59 | F40: -2464.02
A41: 960 | B41: Retained Earnings | C41: Equity | E41: 70820.38 | F41: -58483.02
A42: Total | D42: =SUM(D6:D41) -> 151931.02 | E42: =SUM(E6:E41) -> 151931.02 | F42: =SUM(F6:F41) -> 0

Sheet Nominal Detail-Income
A1: Account Transactions
A2: Glassford Community Group
A3: For the period 1 April 2025 to 31 July 2026
A5: Date | B5: Source | C5: Description | D5: Reference | E5: Debit | F5: Credit | G5: Running Balance | H5: Gross | I5: VAT | J5: Comments
A7: GCG - Income - B&G Festival - Bar Takings
A8: 45971 | B8: Receive Money | C8: Square CC Machine - Alan Walker Bar Takings | E8: 0 | F8: 589.48 | G8: =(F8 - E8) -> 589.48 | H8: 707.38 | I8: 117.9
A9: 46062 | B9: Receive Money | C9: Square CC Machine - Bar Takings Comedy Club January 2026 | E9: 0 | F9: 24.55 | G9: =((G8 + F9) - E9) -> 614.03 | H9: 29.46 | I9: 4.91
A10: 46109 | B10: Receive Money | C10: Glassfest Bar - Glassfest bar takings | D10: Bar takings | E10: 0 | F10: 3630 | G10: =((G9 + F10) - E10) -> 4244.03 | H10: 4356 | I10: 726
A11: 46111 | B11: Receive Money | C11: Square CC Machine - Glassfest Bar | E11: 0 | F11: 5005.59 | G11: =((G10 + F11) - E11) -> 9249.62 | H11: 6006.71 | I11: 1001.12
A12: 46111 | B12: Receive Money | C12: Square CC Machine - Glassfest Tickets x 2 | E12: 0 | F12: 32.75 | G12: =((G11 + F12) - E12) -> 9282.37 | H12: 39.3 | I12: 6.55 | J12: Glassfest - Leave all in 25/26
A13: Total GCG - Income - B&G Festival - Bar Takings | E13: =SUM(E8:E12) -> 0 | F13: =SUM(F8:F12) -> 9282.37 | G13: =G12 -> 9282.37 | H13: =SUM(H8:H12) -> 11138.85 | I13: =SUM(I8:I12) -> 1856.48
A15: GCG - Income - B&G Festival - Other Income
A16: 46109 | B16: Receive Money | C16: Glassfest Raffle - Raffle | D16: Raffle | E16: 0 | F16: 527.5 | G16: =(F16 - E16) -> 527.5 | H16: 633 | I16: 105.5
A17: 46109 | B17: Receive Money | C17: Glassfest Football Card - Football Card | D17: Football Card | E17: 0 | F17: 545.83 | G17: =((G16 + F17) - E17) -> 1073.33 | H17: 655 | I17: 109.17 | J17: Glassfest - Leave all in 25/26
A18: Total GCG - Income - B&G Festival - Other Income | E18: =SUM(E16:E17) -> 0 | F18: =SUM(F16:F17) -> 1073.33 | G18: =G17 -> 1073.33 | H18: =SUM(H16:H17) -> 1288 | I18: =SUM(I16:I17) -> 214.67
A20: GCG - Income - B&G Festival - Sponsors
A21: 46062 | B21: Receivable Invoice | C21: Taal - 1 x Sponsorhip | D21: Glassfest Sponsor | E21: 0 | F21: 100 | G21: =(F21 - E21) -> 100 | H21: 120 | I21: 20
A22: 46062 | B22: Receivable Invoice | C22: kirk Hendry - 1 x Sponsorship | D22: Glassfest Sponsor | E22: 0 | F22: 100 | G22: =((G21 + F22) - E22) -> 200 | H22: 120 | I22: 20
A23: 46062 | B23: Receivable Invoice | C23: LarkhallTaxis - 1 x Sponsorship | D23: Glassfest Sponsor | E23: 0 | F23: 100 | G23: =((G22 + F23) - E23) -> 300 | H23: 120 | I23: 20
A24: 46062 | B24: Receivable Invoice | C24: Ian Dickson - 1x Sponsorship | D24: Glassfest Sponsorship | E24: 0 | F24: 100 | G24: =((G23 + F24) - E24) -> 400 | H24: 120 | I24: 20
A25: 46062 | B25: Receivable Invoice | C25: Made to Shine - 1 x Sponsorship | D25: Glassfest Sponsor | E25: 0 | F25: 100 | G25: =((G24 + F25) - E25) -> 500 | H25: 120 | I25: 20
A26: 46062 | B26: Receivable Invoice | C26: Sorbie hayes - 1 x Sponsorship | D26: Glassfest Sponsor | E26: 0 | F26: 100 | G26: =((G25 + F26) - E26) -> 600 | H26: 120 | I26: 20
A27: 46062 | B27: Receivable Invoice | C27: Lift/Shift - 1 x Sponsorship | D27: Glassfest Sponsor | E27: 0 | F27: 100 | G27: =((G26 + F27) - E27) -> 700 | H27: 120 | I27: 20
A28: 46062 | B28: Receivable Invoice | C28: strathaven Round Table - 1 x Sponsorship | D28: Glassfest Sponsor | E28: 0 | F28: 100 | G28: =((G27 + F28) - E28) -> 800 | H28: 120 | I28: 20
A29: 46062 | B29: Receivable Invoice | C29: Fower Coffee - 1 x Sponsorship | D29: Glassfest Sponsor | E29: 0 | F29: 100 | G29: =((G28 + F29) - E29) -> 900 | H29: 120 | I29: 20
A30: 46062 | B30: Receivable Invoice | C30: Drumclog Plant - 1 x Sponsorship | D30: Glassfest Sponsor | E30: 0 | F30: 100 | G30: =((G29 + F30) - E30) -> 1000 | H30: 120 | I30: 20
A31: 46062 | B31: Receivable Invoice | C31: Residence - 1 x Sponsorship | D31: Glassfest Sponsor | E31: 0 | F31: 100 | G31: =((G30 + F31) - E31) -> 1100 | H31: 120 | I31: 20
A32: 46062 | B32: Receivable Invoice | C32: avon builders - 1 x Sponsorship | D32: Glassfest Sponsor | E32: 0 | F32: 100 | G32: =((G31 + F32) - E32) -> 1200 | H32: 120 | I32: 20
A33: 46062 | B33: Receivable Invoice | C33: Kennedy Landscaping - 1 x Sponsorship | D33: Glassfest Sponsor | E33: 0 | F33: 100 | G33: =((G32 + F33) - E33) -> 1300 | H33: 120 | I33: 20
... A49: 46100 | B49: Receivable Invoice | C49: Drain Fix Solutions - 1 x Sponsorship | D49: Glassfest Sponsor | E49: 0 | F49: 100 | G49: =((G48 + F49) - E49) -> 2900 | H49: 120 | I49: 20
A50: 46100 | B50: Receive Money | C50: Cloburn - Main Sponsor Glassfest | E50: 0 | F50: 833.33 | G50: =((G49 + F50) - E50) -> 3733.33 | H50: 1000 | I50: 166.67 | J50: Glassfest - Leave all in 25/26
A51: Total GCG - Income - B&G Festival - Sponsors | E51: =SUM(E21:E50) -> 0 | F51: =SUM(F21:F50) -> 3733.33 | G51: =G50 -> 3733.33 | H51: =SUM(H21:H50) -> 4480 | I51: =SUM(I21:I50) -> 746.67
A53: GCG - Income - B&G Festival - Stall & Catering Holders
A54: 45982 | B54: Receivable Invoice | C54: Dylan Hampshire - Xmas Stall Hire | D54: Glassford Stall Hire | E54: 0 | F54: 16.67 | G54: =(F54 - E54) -> 16.67 | H54: 20 | I54: 3.33
A55: 46061 | B55: Receivable Invoice | C55: No Limits Brewing - 1 x Stall Hire | D55: Glassfest Stall Hire | E55: 0 | F55: 200 | G55: =((G54 + F55) - E55) -> 216.67 | H55: 240 | I55: 40
A56: 46061 | B56: Receivable Invoice | C56: Sulwathbrewers - 1 x Stall Hire | D56: Glassfest Stall Hire | E56: 0 | F56: 200 | G56: =((G55 + F56) - E56) -> 416.67 | H56: 240 | I56: 40
A57: 46061 | B57: Receivable Invoice | C57: UpFrontbrewing.com - 1 x Stall Hire | D57: Glassfest Stall | E57: 0 | F57: 200 | G57: =((G56 + F57) - E57) -> 616.67 | H57: 240 | I57: 40
A58: 46061 | B58: Receivable Invoice | C58: strangers Brewing - 1 x Stall Hire | D58: Glassfest Stall Hire | E58: 0 | F58: 200 | G58: =((G57 + F58) - E58) -> 816.67 | H58: 240 | I58: 40
A59: 46061 | B59: Receivable Invoice | C59: two towns down - 1 x Stall Hire | D59: Glassfest Stall Hire | E59: 0 | F59: 200 | G59: =((G58 + F59) - E59) -> 1016.67 | H59: 240 | I59: 40
A60: 46061 | B60: Receivable Invoice | C60: Craobh Gin - 1 x extra large Stall Hire (4Mx1M) | D60: Glassfest Stall Hire | E60: 0 | F60: 400 | G60: =((G59 + F60) - E60) -> 1416.67 | H60: 480 | I60: 80
A61: 46070 | B61: Receivable Invoice | C61: Street Scullery - 1 x Pitch for Glassfest | D61: Glassfest Stall | E61: 0 | F61: 250 | G61: =((G60 + F61) - E61) -> 1666.67 | H61: 300 | I61: 50
A62: 46070 | B62: Receivable Invoice | C62: Base Pizza - 1 x Pitch Glassfest | D62: Glassfest Stall | E62: 0 | F62: 250 | G62: =((G61 + F62) - E62) -> 1916.67 | H62: 300 | I62: 50
A63: 46070 | B63: Receivable Invoice | C63: Ellis Gin - 1 x Glassfest Stall | D63: Glassfest Stall | E63: 0 | F63: 200 | G63: =((G62 + F63) - E63) -> 2116.67 | H63: 240 | I63: 40
A64: 46078 | B64: Receivable Invoice | C64: The Jaunty Camper - 1 x Stall | D64: Glassfest Stall | E64: 0 | F64: 200 | G64: =((G63 + F64) - E64) -> 2316.67 | H64: 240 | I64: 40
A65: 46085 | B65: Receivable Invoice | C65: Biggar Gin - i x Stall for Glassfest | D65: Glassfest Stall | E65: 0 | F65: 200 | G65: =((G64 + F65) - E65) -> 2516.67 | H65: 240 | I65: 40
A66: 46106 | B66: Receivable Invoice | C66: Netherfield House - 1 x Stall | D66: Glassfest Stall | E66: 0 | F66: 200 | G66: =((G65 + F66) - E66) -> 2716.67 | H66: 240 | I66: 40 | J66: Glassfest - Leave all in 25/26
A67: Total GCG - Income - B&G Festival - Stall & Catering Holders | E67: =SUM(E54:E66) -> 0 | F67: =SUM(F54:F66) -> 2716.67 | G67: =G66 -> 2716.67 | H67: =SUM(H54:H66) -> 3260 | I67: =SUM(I54:I66) -> 543.33
A69: GCG - Income - B&G Festival - Ticket Sales
A70: 45748 | B70: Manual Journal | C70: Reversal: Year End Accruals of Costs & Income per ID schedule Excel - Ticket Sales Deposited 2/4 but IRO B&G Festival | D70: #686 | E70: 4766.67 | F70: 0 | G70: =(F70 - E70) -> -4766.67 | H70: -4766.67 | I70: 0
A71: 45749 | B71: Receive Money | C71: Eventbrite Ticket Sales - B&G Ticket Sales x 286 | E71: 0 | F71: 4766.67 | G71: =((G70 + F71) - E71) -> 0 | H71: 5720 | I71: 953.33
A72: 45929 | B72: Receive Money | C72: Square CC Machine - 2 x Tickets for George Michael | E72: 0 | F72: 24.56 | G72: =((G71 + F72) - E72) -> 24.56 | H72: 29.47 | I72: 4.91
A73: 45992 | B73: Receive Money | C73: Square CC Machine - Oasis tickets | E73: 0 | F73: 13.09 | G73: =((G72 + F73) - E73) -> 37.65 | H73: 15.71 | I73: 2.62
A74: 45999 | B74: Receive Money | C74: Square CC Machine - Oasis Tickets | E74: 0 | F74: 36.84 | G74: =((G73 + F74) - E74) -> 74.49 | H74: 44.21 | I74: 7.37
A75: 46030 | B75: Receive Money | C75: S Muir - 4 tickets Glassfest | E75: 0 | F75: 66.67 | G75: =((G74 + F75) - E75) -> 141.16 | H75: 80 | I75: 13.33
A76: 46053 | B76: Receive Money | C76: Glassfest Tickets - 10 Glassfest Tickets | D76: Theo Tickets | E76: 0 | F76: 166.67 | G76: =((G75 + F76) - E76) -> 307.83 | H76: 200 | I76: 33.33
A77: 46055 | B77: Receive Money | C77: Square CC Machine - Bar Takings Comedy January | E77: 0 | F77: 344.68 | G77: =((G76 + F77) - E77) -> 652.51 | H77: 413.61 | I77: 68.93
A78: 46062 | B78: Receive Money | C78: A Dunn - A Dunn Glassfest Tickets x 8 | E78: 0 | F78: 133.33 | G78: =((G77 + F78) - E78) -> 785.84 | H78: 160 | I78: 26.67
A79: 46070 | B79: Receivable Invoice | C79: Common Greenery - 2 x Tickets Glassfest | D79: Glassfest Tickets | E79: 0 | F79: 33.33 | G79: =((G78 + F79) - E79) -> 819.17 | H79: 40 | I79: 6.67
A80: 46083 | B80: Receive Money | C80: D Hamilton - 1 Glassfest Tickets | E80: 0 | F80: 300 | G80: =((G79 + F80) - E80) -> 1119.17 | H80: 360 | I80: 60
A81: 46083 | B81: Receive Money | C81: D Hamilton - 2 Glassfest Tickets | E81: 0 | F81: 33.33 | G81: =((G80 + F81) - E81) -> 1152.5 | H81: 40 | I81: 6.67
A82: 46090 | B82: Receive Money | C82: D Hamilton - 2 Glassfest Tickets | E82: 0 | F82: 33.33 | G82: =((G81 + F82) - E82) -> 1185.83 | H82: 40 | I82: 6.67
A83: 46100 | B83: Receivable Invoice | C83: Lift/Shift - 13 x Glassfest Tickets | D83: 1 Glassfest tickets | E83: 0 | F83: 216.67 | G83: =((G82 + F83) - E83) -> 1402.5 | H83: 260 | I83: 43.33
A84: 46104 | B84: Receive Money | C84: Square CC Machine - Physic Night Bar | E84: 0 | F84: 27.01 | G84: =((G83 + F84) - E84) -> 1429.51 | H84: 32.41 | I84: 5.4
A85: 46104 | B85: Receive Money | C85: Square CC Machine - 3 x Glassfest Tickets | E85: 0 | F85: 49.13 | G85: =((G84 + F85) - E85) -> 1478.64 | H85: 58.95 | I85: 9.82
A86: 46107 | B86: Receive Money | C86: Square CC Machine - Glassfest Tickets x 13 | E86: 0 | F86: 212.88 | G86: =((G85 + F86) - E86) -> 1691.52 | H86: 255.45 | I86: 42.57
A87: 46109 | B87: Receive Money | C87: Glassgfest Cash Tickets - Glassfest tickets | D87: Tickets | E87: 0 | F87: 1500 | G87: =((G86 + F87) - E87) -> 3191.52 | H87: 1800 | I87: 300 | J87: Glassfest - Leave in 25/26
A88: 46113 | B88: Receive Money | C88: Eventbrite Ticket Sales - Glassfest Ticket Sales | E88: 0 | F88: 4050 | G88: =((G87 + F88) - E88) -> 7241.52 | H88: 4860 | I88: 810 | J88: Glassfest - Leave in 25/26
A89: 46119 | B89: Receive Money | C89: D Hamilton - 2 Glassfest Tickets | E89: 0 | F89: 33.33 | G89: =((G88 + F89) - E89) -> 7274.85 | H89: 40 | I89: 6.67 | J89: Glassfest - Leave in 25/26
A90: 46125 | B90: Receive Money | C90: Square CC Machine - Glassfest Ticket | E90: 0 | F90: 16.37 | G90: =((G89 + F90) - E90) -> 7291.22 | H90: 19.64 | I90: 3.27 | J90: Glassfest - Leave in 25/26
A91: 46132 | B91: Receive Money | C91: Square CC Machine - Bar Sales Comedy Night April | E91: 0 | F91: 333.99 | G91: =((G90 + F91) - E91) -> 7625.21 | H91: 400.79 | I91: 66.8 | J91: Accrue into 2026/27
A92: 46230 | B92: Receive Money | C92: Square CC Machine - Ibiza Tickets | E92: 0 | F92: 24.56 | G92: =((G91 + F92) - E92) -> 7649.77 | H92: 29.47 | I92: 4.91 | J92: Accrue into 2026/27
A93: Total GCG - Income - B&G Festival - Ticket Sales | E93: =SUM(E70:E92) -> 4766.67 | F93: =SUM(F70:F92) -> 12416.44 | G93: =G92 -> 7649.77 | H93: =SUM(H70:H92) -> 10133.04 | I93: =SUM(I70:I92) -> 2483.27
A95: GCG - Income - Hall Hires
A96: 45751 | B96: Receive Money | C96: Masons Lodge - Meeting hall hire | E96: 0 | F96: 25 | G96: =(F96 - E96) -> 25 | H96: 30 | I96: 5
A97: 45762 | B97: Receivable Invoice | C97: EK Dog Training - EK Dog training Sessions | D97: April Hall Hire | E97: 0 | F97: 312.5 | G97: =((G96 + F97) - E97) -> 337.5 | H97: 375 | I97: 62.5
A98: 45762 | B98: Receivable Invoice | C98: Jo Martin - Hall Hire March x 5 | D98: Hall Hire March | E98: 0 | F98: 104.17 | G98: =((G97 + F98) - E98) -> 441.67 | H98: 125 | I98: 20.83
A99: 45762 | B99: Receivable Invoice | C99: K Skimming - Hall Hire x 3 Hours | D99: Birthday Party Hall Hire | E99: 0 | F99: 75 | G99: =((G98 + F99) - E99) -> 516.67 | H99: 90 | I99: 15
A100: 45762 | B100: Receive Money | C100: K Skimming - Birthday party Hall Hire | E100: 0 | F100: 75 | G100: =((G99 + F100) - E100) -> 591.67 | H100: 90 | I100: 15
A101: 45763 | B101: Receive Money | C101: Jo Martin - Hall Hire-Jo Nov | E101: 0 | F101: 104.17 | G101: =((G100 + F101) - E101) -> 695.84 | H101: 125 | I101: 20.83
A102: 45776 | B102: Receive Money | C102: Dog Training EK - Hall Hire Dog training | E102: 0 | F102: 312.5 | G102: =((G101 + F102) - E102) -> 1008.34 | H102: 375 | I102: 62.5
A103: 45796 | B103: Receivable Invoice | C103: Jo Martin - 3 x hall Hires April | D103: Hall Hire April | E103: 0 | F103: 62.5 | G103: =((G102 + F103) - E103) -> 1070.84 | H103: 75 | I103: 12.5
A104: 45796 | B104: Receivable Invoice | C104: Charles Ferrier - 4 x Hall Hire | D104: Hall Hire May | E104: 0 | F104: 50 | G104: =((G103 + F104) - E104) -> 1120.84 | H104: 60 | I104: 10
A105: 45796 | B105: Receivable Invoice | C105: EK Dog Training - Hall Hire May (x 4 x 2 Hr sessions) | D105: Hall Hire May | E105: 0 | F105: 200 | G105: =((G104 + F105) - E105) -> 1320.84 | H105: 240 | I105: 40
A106: 45821 | B106: Receivable Invoice | C106: Jo Martin - Hall Hire May | D106: May Hall Useage | E106: 0 | F106: 83.33 | G106: =((G105 + F106) - E106) -> 1404.17 | H106: 100 | I106: 16.67
A107: 45821 | B107: Receivable Invoice | C107: Charles Ferrie - Hall Hire June | D107: Man Yoga | E107: 0 | F107: 100 | G107: =((G106 + F107) - E107) -> 1504.17 | H107: 120 | I107: 20
A108: 45821 | B108: Receivable Invoice | C108: EK Dog Training - Hall Hire June (2 Hr Sessions) | D108: Dog Training | E108: 0 | F108: 200 | G108: =((G107 + F108) - E108) -> 1704.17 | H108: 240 | I108: 40
A109: 45821 | B109: Receivable Invoice | C109: Lisa Roy Pilates - Hall Hire May and June | D109: Pilates Classes | E109: 0 | F109: 150 | G109: =((G108 + F109) - E109) -> 1854.17 | H109: 180 | I109: 30
A110: 45859 | B110: Receivable Invoice | C110: Charles Ferrie - 5 x Hall Hires(1st, 8th, 15th, 22nd, 29th) | D110: Hall Hire YOGA | E110: 0 | F110: 125 | G110: =((G109 + F110) - E110) -> 1979.17 | H110: 150 | I110: 25
A111: 45859 | B111: Receivable Invoice | C111: Jo Martin - 4 x Hall Hires (June) | D111: Hall Hire | E111: 0 | F111: 83.33 | G111: =((G110 + F111) - E111) -> 2062.5 | H111: 100 | I111: 16.67
A112: 45859 | B112: Receivable Invoice | C112: Lisa Roy Pilates - July Hall Hire | D112: Pilates Hall Hire | E112: 0 | F112: 50 | G112: =((G111 + F112) - E112) -> 2112.5 | H112: 60 | I112: 10
A113: 45887 | B113: Receivable Invoice | C113: EK Dog Training - Hall Hire (6th, 13th, 20th & 27th Aug) | D113: Hall Hire | E113: 0 | F113: 150 | G113: =((G112 + F113) - E113) -> 2262.5 | H113: 180 | I113: 30
A114: 45887 | B114: Receivable Invoice | C114: Charles Ferrie - Hall Hire Yoga Man | D114: Hall Hire | E114: 0 | F114: 125 | G114: =((G113 + F114) - E114) -> 2387.5 | H114: 150 | I114: 25
... A123: 45950 | B123: Receivable Invoice | C123: Charles Ferrie - Hall Hire Glassford | D123: INV-0024 | E123: 0 | F123: 225 | G123: =((G122 + F123) - E123) -> 3654.17 | H123: 270 | I123: 45
A124: 45964 | B124: Receive Money | C124: Fiercely Fit - Hall Hire October | E124: 0 | F124: 104.17 | G124: =((G123 + F124) - E124) -> 3758.34 | H124: 125 | I124: 20.83
A125: 45982 | B125: Receivable Invoice | C125: Charles Ferrie - 8 Hall Hires | D125: Hall Hire November | E125: 0 | F125: 175 | G125: =((G124 + F125) - E125) -> 3933.34 | H125: 210 | I125: 35
A126: 45982 | B126: Receivable Invoice | C126: Fiercely Fit - 4 x Saturdays | D126: Hall Hire November | E126: 0 | F126: 200 | G126: =((G125 + F126) - E126) -> 4133.34 | H126: 240 | I126: 40
A127: 45982 | B127: Receivable Invoice | C127: Fiercely Fit - 3 x Wednesdays | D127: Hall Hire November | E127: 0 | F127: 112.5 | G127: =((G126 + F127) - E127) -> 4245.84 | H127: 135 | I127: 22.5
A128: 45982 | B128: Receivable Invoice | C128: Jo Martin - 4 sessions | D128: Glassford Hall Hire | E128: 0 | F128: 83.33 | G128: =((G127 + F128) - E128) -> 4329.17 | H128: 100 | I128: 16.67
A129: 45982 | B129: Receivable Invoice | C129: lr211278@sky.com - Xmas Stall Glassford | D129: Miley Rodgers Xmas Stall | E129: 0 | F129: 16.67 | G129: =((G128 + F129) - E129) -> 4345.84 | H129: 20 | I129: 3.33
A130: 45982 | B130: Receivable Invoice | C130: Toe Beans Crochet - Stall Hire | D130: Xmas Stall Glassford | E130: 0 | F130: 16.67 | G130: =((G129 + F130) - E130) -> 4362.51 | H130: 20 | I130: 3.33
...

Sheet Nominal Detail-Costs
A1: Account Transactions
A2: Glassford Community Group
A3: For the period 1 April 2025 to 31 July 2026
A5: Date | B5: Source | C5: Description | D5: Reference | E5: Debit | F5: Credit | G5: Running Balance | H5: Gross | I5: VAT | J5: Comments
A7: GCG - B&G Festival Costs
A8: 45748 | B8: Spend Money | C8: Stephen Urquart - Tickets | E8: 15.83 | F8: 0 | G8: =(E8 - F8) -> 15.83 | H8: 19 | I8: 3.17
A9: 45748 | B9: Spend Money | C9: Print my Tickets - Ticket books to sell for B&G | E9: 14.17 | F9: 0 | G9: =((G8 + E9) - F9) -> 30 | H9: 17 | I9: 2.83
A10: 45748 | B10: Spend Money | C10: Stephen Urquart - LED Lighting for bar | E10: 31.83 | F10: 0 | G10: =((G9 + E10) - F10) -> 61.83 | H10: 38.19 | I10: 6.36
A11: 45748 | B11: Spend Money | C11: Steve Urquhart - Raffle Ticket Books | E11: 81.88 | F11: 0 | G11: =((G10 + E11) - F11) -> 143.71 | H11: 98.25 | I11: 16.37
A12: 45748 | B12: Spend Money | C12: Stephen Urquart - Cables | E12: 22.28 | F12: 0 | G12: =((G11 + E12) - F12) -> 165.99 | H12: 26.73 | I12: 4.45
A13: 45748 | B13: Spend Money | C13: Print my Tickets - Ticket books to sell for B&G | E13: 3.63 | F13: 0 | G13: =((G12 + E13) - F13) -> 169.62 | H13: 4.35 | I13: 0.72
A14: 45748 | B14: Spend Money | C14: Stephen Urquart - Rope/Cord | E14: 19.14 | F14: 0 | G14: =((G13 + E14) - F14) -> 188.76 | H14: 22.97 | I14: 3.83
A15: 45748 | B15: Spend Money | C15: Print my Tickets - Ticket books to sell for B&G | E15: 9.34 | F15: 0 | G15: =((G14 + E15) - F15) -> 198.1 | H15: 11.21 | I15: 1.87
A16: 45748 | B16: Spend Money | C16: Stephen Urquart - Misc | E16: 27.99 | F16: 0 | G16: =((G15 + E16) - F16) -> 226.09 | H16: 33.59 | I16: 5.6
A17: 45748 | B17: Spend Money | C17: Stephen Urquart - Extension leads | E17: 20.57 | F17: 0 | G17: =((G16 + E17) - F17) -> 246.66 | H17: 24.68 | I17: 4.11
A18: 45748 | B18: Spend Money | C18: Stephen Urquart - Extension leads | E18: 26.13 | F18: 0 | G18: =((G17 + E18) - F18) -> 272.79 | H18: 31.35 | I18: 5.22
A19: 45748 | B19: Spend Money | C19: Stephen Urquart - Tickets | E19: 17.5 | F19: 0 | G19: =((G18 + E19) - F19) -> 290.29 | H19: 21 | I19: 3.5
A20: 45748 | B20: Spend Money | C20: Stephen Urquart - Tickets | E20: 19.48 | F20: 0 | G20: =((G19 + E20) - F20) -> 309.77 | H20: 23.37 | I20: 3.89
... A29: 45748 | B29: Spend Money | C29: Stephen Urquart - Misc | E29: 51.16 | F29: 0 | G29: =((G28 + E29) - F29) -> 513.63 | H29: 61.39 | I29: 10.23
A30: 45748 | B30: Manual Journal | C30: Reversal: Year End Accruals of Costs & Income per ID schedule Excel - Various Costs post 31/3 to accrue-B&G | D30: #686 | E30: 0 | F30: 2311.53 | G30: =((G29 + E30) - F30) -> -1797.9 | H30: -2311.53 | I30: 0
A31: 45750 | B31: Spend Money | C31: Hire Power - Diesel for Generators | E31: 66 | F31: 0 | G31: =((G30 + E31) - F31) -> -1731.9 | H31: 79.2 | I31: 13.2
A32: 45750 | B32: Spend Money | C32: Rocio - Items for B&G | E32: 5.53 | F32: 0 | G32: =((G31 + E32) - F32) -> -1726.37 | H32: 6.64 | I32: 1.11
A33: 45751 | B33: Spend Money | C33: Jinty - Items for B&G | E33: 9.41 | F33: 0 | G33: =((G32 + E33) - F33) -> -1716.96 | H33: 11.29 | I33: 1.88
A34: 45751 | B34: Spend Money | C34: Jinty - Items for B&G | E34: 17.48 | F34: 0 | G34: =((G33 + E34) - F34) -> -1699.48 | H34: 20.98 | I34: 3.5
A35: 45751 | B35: Spend Money | C35: Jinty - Items for B&G | E35: 25.82 | F35: 0 | G35: =((G34 + E35) - F35) -> -1673.66 | H35: 30.98 | I35: 5.16
A36: 45751 | B36: Spend Money | C36: Jinty - Items for B&G | E36: 41.5 | F36: 0 | G36: =((G35 + E36) - F36) -> -1632.16 | H36: 49.8 | I36: 8.3
A37: 45751 | B37: Spend Money | C37: Jinty - Items for B&G | E37: 5.66 | F37: 0 | G37: =((G36 + E37) - F37) -> -1626.5 | H37: 6.79 | I37: 1.13
A38: 45751 | B38: Spend Money | C38: Jinty - Items for B&G | E38: 15.67 | F38: 0 | G38: =((G37 + E38) - F38) -> -1610.83 | H38: 18.8 | I38: 3.13
A39: 45751 | B39: Spend Money | C39: Rocio - Items for B&G | E39: 14.7 | F39: 0 | G39: =((G38 + E39) - F39) -> -1596.13 | H39: 17.64 | I39: 2.94
A40: 45751 | B40: Spend Money | C40: Rocio - Items for B&G | E40: 8.33 | F40: 0 | G40: =((G39 + E40) - F40) -> -1587.8 | H40: 9.99 | I40: 1.66
A41: 45752 | B41: Spend Money | C41: B&G Festival - Backline | D41: Backline | E41: 300 | F41: 0 | G41: =((G40 + E41) - F41) -> -1287.8 | H41: 300 | I41: 0
A42: 45752 | B42: Spend Money | C42: B&G Festival - Cost of Band | D42: Oasis | E42: 400 | F42: 0 | G42: =((G41 + E42) - F42) -> -887.8 | H42: 400 | I42: 0
A43: 45755 | B43: Spend Money | C43: anne anderson - Banners | E43: 29.73 | F43: 0 | G43: =((G42 + E43) - F43) -> -858.07 | H43: 35.68 | I43: 5.95
A44: 45755 | B44: Spend Money | C44: anne anderson - Banners | E44: 12.63 | F44: 0 | G44: =((G43 + E44) - F44) -> -845.44 | H44: 15.16 | I44: 2.53
A45: 45755 | B45: Spend Money | C45: Leanne Caldwell - Catering Supplies | E45: 58.58 | F45: 0 | G45: =((G44 + E45) - F45) -> -786.86 | H45: 70.3 | I45: 11.72
A46: 45755 | B46: Spend Money | C46: anne anderson - Banners | E46: 125.43 | F46: 0 | G46: =((G45 + E46) - F46) -> -661.43 | H46: 150.52 | I46: 25.09
A47: 45756 | B47: Spend Money | C47: Leanne Caldwell - Catering Supplies | E47: 31.43 | F47: 0 | G47: =((G46 + E47) - F47) -> -630 | H47: 37.72 | I47: 6.29
A48: 45756 | B48: Spend Money | C48: Leanne Caldwell - Catering Supplies | E48: 48.75 | F48: 0 | G48: =((G47 + E48) - F48) -> -581.25 | H48: 58.5 | I48: 9.75
A49: 45796 | B49: Spend Money | C49: Halliday Coaches - Bus Runs for B&G | E49: 487.5 | F49: 0 | G49: =((G48 + E49) - F49) -> -93.75 | H49: 585 | I49: 97.5
A50: 45813 | B50: Spend Money | C50: Avondale Community Transport - Bus Hire | E50: 93.75 | F50: 0 | G50: =((G49 + E50) - F50) -> 1.1368684e-13 | H50: 93.75 | I50: 0
A51: 46062 | B51: Spend Money | C51: Connor Fyfe - Musician for Glassfest | E51: 150 | F51: 0 | G51: =((G50 + E51) - F51) -> 150 | H51: 150 | I51: 0
A52: 46099 | B52: Spend Money | C52: Rocio - First Aid | E52: 6.72 | F52: 0 | G52: =((G51 + E52) - F52) -> 156.72 | H52: 8.06 | I52: 1.34
A53: 46099 | B53: Spend Money | C53: Rocio - Items for B&G | E53: 6.29 | F53: 0 | G53: =((G52 + E53) - F53) -> 163.01 | H53: 7.55 | I53: 1.26
A54: 46104 | B54: Spend Money | C54: anne anderson - Banners | E54: 257.96 | F54: 0 | G54: =((G53 + E54) - F54) -> 420.97 | H54: 309.55 | I54: 51.59
... A62: 46107 | B62: Spend Money | C62: Hire Power - Diesel for Generators | E62: 1050 | F62: 0 | G62: =((G61 + E62) - F62) -> 9337.91 | H62: 1260 | I62: 210
A63: 46109 | B63: Spend Money | C63: Glassfest Cost of Acts - Cost of Acts for Glassfest | D63: Glassfest Acts | E63: 2900 | F63: 0 | G63: =((G62 + E63) - F63) -> 12237.91 | H63: 2900 | I63: 0
A64: 46111 | B64: Spend Money | C64: Fortune Dragon - Drinks for Volunteers | E64: 4 | F64: 0 | G64: =((G63 + E64) - F64) -> 12241.91 | H64: 4.8 | I64: 0.8
A65: 46111 | B65: Spend Money | C65: Fortune Dragon - Drinks for Volunteers | E65: 39.25 | F65: 0 | G65: =((G64 + E65) - F65) -> 12281.16 | H65: 47.1 | I65: 7.85
A66: 46111 | B66: Spend Money | C66: Fortune Dragon - Drinks for Volunteers | E66: 32.75 | F66: 0 | G66: =((G65 + E66) - F66) -> 12313.91 | H66: 39.3 | I66: 6.55 | J66: Leave in 25/26
A67: 46113 | B67: Spend Money | C67: Jinty - Items for B&G | E67: 22.08 | F67: 0 | G67: =((G66 + E67) - F67) -> 12335.99 | H67: 26.49 | I67: 4.41 | J67: Leave in 25/26
A68: 46113 | B68: Spend Money | C68: Janet Crawford - Till Drawer for Glassfest | E68: 38.24 | F68: 0 | G68: =((G67 + E68) - F68) -> 12374.23 | H68: 45.89 | I68: 7.65 | J68: Leave in 25/26
A69: 46113 | B69: Spend Money | C69: Steve McKenna - Sound and Lighting | E69: 2300 | F69: 0 | G69: =((G68 + E69) - F69) -> 14674.23 | H69: 2760 | I69: 460 | J69: Leave in 25/26
A70: 46113 | B70: Spend Money | C70: Janet Crawford - Items for Glassfest | E70: 21.99 | F70: 0 | G70: =((G69 + E70) - F70) -> 14696.22 | H70: 26.39 | I70: 4.4 | J70: Leave in 25/26
A71: 46119 | B71: Spend Money | C71: Adamantine Security - Security for Glassfest | E71: 910 | F71: 0 | G71: =((G70 + E71) - F71) -> 15606.22 | H71: 1092 | I71: 182 | J71: Leave in 25/26
A72: 46119 | B72: Spend Money | C72: Hire Power - Diesel for Generators | E72: 111.6 | F72: 0 | G72: =((G71 + E72) - F72) -> 15717.82 | H72: 133.92 | I72: 22.32 | J72: Leave in 25/26
A73: 46134 | B73: Spend Money | C73: Leanne Caldwell - Food | E73: 15.78 | F73: 0 | G73: =((G72 + E73) - F73) -> 15733.6 | H73: 18.93 | I73: 3.15 | J73: Leave in 25/26
A74: 46134 | B74: Spend Money | C74: Janet Crawford - Items for B&G | E74: 174.1 | F74: 0 | G74: =((G73 + E74) - F74) -> 15907.7 | H74: 208.92 | I74: 34.82 | J74: Leave in 25/26
A75: 46134 | B75: Spend Money | C75: Leanne Caldwell - Food | E75: 5.72 | F75: 0 | G75: =((G74 + E75) - F75) -> 15913.42 | H75: 6.86 | I75: 1.14 | J75: Leave in 25/26
A76: 46134 | B76: Spend Money | C76: Leanne Caldwell - Food | E76: 55.1 | F76: 0 | G76: =((G75 + E76) - F76) -> 15968.52 | H76: 66.12 | I76: 11.02 | J76: Leave in 25/26
A77: 46134 | B77: Spend Money | C77: Leanne Caldwell - Food | E77: 48.38 | F77: 0 | G77: =((G76 + E77) - F77) -> 16016.9 | H77: 58.06 | I77: 9.68 | J77: Leave in 25/26
... A82: 46223 | B82: Spend Money | C82: Halliday Coaches - Coach Hire | E82: 620 | F82: 0 | G82: =((G81 + E82) - F82) -> 16846.43 | H82: 620 | I82: 0 | J82: Leave in 25/26
A83: Total GCG - B&G Festival Costs | E83: =SUM(E8:E82) -> 19157.96 | F83: =SUM(F8:F82) -> 2311.53 | G83: =G82 -> 16846.43 | H83: =SUM(H8:H82) -> 19785.22 | I83: =SUM(I8:I82) -> 2938.79
A85: GCG - Equipment & Rental costs
A86: 45957 | B86: Spend Money | C86: Gear 4 music - AMP for Hall | E86: 199.17 | F86: 0 | G86: =(E86 - F86) -> 199.17 | H86: 239 | I86: 39.83
A87: 45961 | B87: Spend Money | C87: Janet Crawford - Defib Pads | E87: 70 | F87: 0 | G87: =((G86 + E87) - F87) -> 269.17 | H87: 84 | I87: 14
A88: 45978 | B88: Spend Money | C88: Festive Lights Ltd - Village Xmas Lights | E88: 561.64 | F88: 0 | G88: =((G87 + E88) - F88) -> 830.81 | H88: 673.97 | I88: 112.33
A89: 45978 | B89: Spend Money | C89: Festive Lights Ltd - Village Xmas Lights | E89: 573.3 | F89: 0 | G89: =((G88 + E89) - F89) -> 1404.11 | H89: 687.96 | I89: 114.66
A90: 45979 | B90: Spend Money | C90: LED Technologies - Rope Light Xmas | E90: 154.43 | F90: 0 | G90: =((G89 + E90) - F90) -> 1558.54 | H90: 185.32 | I90: 30.89
A91: 46034 | B91: Spend Money | C91: Wordpress - Website Fees 2 Years | E91: 384 | F91: 0 | G91: =((G90 + E91) - F91) -> 1942.54 | H91: 460.8 | I91: 76.8 | J91: Leave in 25/26
A92: 46114 | B92: Spend Money | C92: Gordon - Container Hire and Movement | D92: Container Hire and Movement | E92: 720 | F92: 0 | G92: =((G91 + E92) - F92) -> 2662.54 | H92: 720 | I92: 0 | J92: Leave in 25/26
A93: Total GCG - Equipment & Rental costs | E93: =SUM(E86:E92) -> 2662.54 | F93: =SUM(F86:F92) -> 0 | G93: =G92 -> 2662.54 | H93: =SUM(H86:H92) -> 3051.05 | I93: =SUM(I86:I92) -> 388.51
A95: GCG - Gifts & Donations
A96: 46137 | B96: Spend Money | C96: Beatson Charity Event - Top up payment to charity | D96: Top Up Payment | E96: 155 | F96: 0 | G96: =(E96 - F96) -> 155 | H96: 155 | I96: 0
A97: Total GCG - Gifts & Donations | E97: =E96 -> 155 | F97: =F96 -> 0 | G97: =G96 -> 155 | H97: =H96 -> 155 | I97: =I96 -> 0
A99: GCG - Hall Refurb Project - Prof Fees
A100: 45786 | B100: Spend Money | C100: Angus Designs - Search Fees | D100: Grant | E100: 18659.61 | F100: 0 | G100: =(E100 - F100) -> 18659.61 | H100: 22391.53 | I100: 3731.92 | J100: Leave in 25/26
A101: 45971 | B101: Spend Money | C101: Angus Designs - Design Fees | D101: Grant | E101: 16804.19 | F101: 0 | G101: =((G100 + E101) - F101) -> 35463.8 | H101: 20165.03 | I101: 3360.84 | J101: Leave in 25/26
A102: 46160 | B102: Spend Money | C102: Kilbryde Consultants - Professional fees | D102: Grant | E102: 2437.5 | F102: 0 | G102: =((G101 + E102) - F102) -> 37901.3 | H102: 2925 | I102: 487.5 | J102: Accrue to 26/27
A103: 46234 | B103: Spend Money | C103: LT Funding - LT Funding Release Cost of Grant | D103: Grant | E103: 5296.5 | F103: 0 | G103: =((G102 + E103) - F103) -> 43197.8 | H103: 5296.5 | I103: 0 | J103: Accrue to 26/27
A104: Total GCG - Hall Refurb Project - Prof Fees | E104: =SUM(E100:E103) -> 43197.8 | F104: =SUM(F100:F103) -> 0 | G104: =G103 -> 43197.8 | H104: =SUM(H100:H103) -> 50778.06 | I104: =SUM(I100:I103) -> 7580.26
A106: GCG - Hall Repairs & Maintenance Costs
A107: 45748 | B107: Spend Money | C107: Stephen Urquart - Postcrete | E107: 13.3 | F107: 0 | G107: =(E107 - F107) -> 13.3 | H107: 15.96 | I107: 2.66 | J107: Leave in 25/26
A108: 45785 | B108: Spend Money | C108: Amazon - Collection Buckets & First Aid kit | E108: 20.39 | F108: 0 | G108: =((G107 + E108) - F108) -> 33.69 | H108: 24.47 | I108: 4.08 | J108: Leave in 25/26
A109: 45833 | B109: Spend Money | C109: ESR Roofing Ltd - Roof repairs to the hall | E109: 2500 | F109: 0 | G109: =((G108 + E109) - F109) -> 2533.69 | H109: 3000 | I109: 500 | J109: Leave in 25/26
A110: 45971 | B110: Spend Money | C110: Janet Crawford - Rubbish removal | E110: 33.83 | F110: 0 | G110: =((G109 + E110) - F110) -> 2567.52 | H110: 40.6 | I110: 6.77 | J110: Leave in 25/26
A111: Total GCG - Hall Repairs & Maintenance Costs | E111: =SUM(E107:E110) -> 2567.52 | F111: =SUM(F107:F110) -> 0 | G111: =G110 -> 2567.52 | H111: =SUM(H107:H110) -> 3081.03 | I111: =SUM(I107:I110) -> 513.51
A113: GCG - Insurance
A114: 45915 | B114: Spend Money | C114: kirkton insurance Services - Insurance for Hall - Annual Renewal | E114: 1168.72 | F114: 0 | G114: =(E114 - F114) -> 1168.72 | H114: 1168.72 | I114: 0 | J114: Leave in 25/26
A115: 46105 | B115: Spend Money | C115: kirkton insurance Services - Insurance for Hall - Annual Renewal | E115: 405.35 | F115: 0 | G115: =((G114 + E115) - F115) -> 1574.07 | H115: 405.35 | I115: 0 | J115: Leave in 25/26
A116: Total GCG - Insurance | E116: =SUM(E114:E115) -> 1574.07 | F116: =SUM(F114:F115) -> 0 | G116: =G115 -> 1574.07 | H116: =SUM(H114:H115) -> 1574.07 | I116: =SUM(I114:I115) -> 0
A118: GCG - Other Events Costs
A119: 45748 | B119: Spend Money | C119: Stephen Urquart - Reggae Banners | E119: 32.73 | F119: 0 | G119: =(E119 - F119) -> 32.73 | H119: 39.27 | I119: 6.54
A120: 45748 | B120: Manual Journal | C120: Reversal: Year End Accruals of Costs & Income per ID schedule Excel - Prism (333.33), Red Shoes (£540) - ticket share to accrue | D120: #686 | E120: 0 | F120: 873.33 | G120: =((G119 + E120) - F120) -> -840.6 | H120: -873.33 | I120: 0
A121: 45752 | B121: Spend Money | C121: Prism - Cost of Act | D121: Cost of Act | E121: 333.33 | F121: 0 | G121: =((G120 + E121) - F121) -> -507.27 | H121: 400 | I121: 66.67
A122: 45757 | B122: Spend Money | C122: South Lanarkshire Council - Licence for Comedy Night May | E122: 10 | F122: 0 | G122: =((G121 + E122) - F122) -> -497.27 | H122: 10 | I122: 0
A123: 45761 | B123: Spend Money | C123: Red Shoes - Ticket Share of Acts | E123: 540 | F123: 0 | G123: =((G122 + E123) - F123) -> 42.73 | H123: 648 | I123: 108
A124: 45793 | B124: Spend Money | C124: Amazon - Frames for Raffle Prizes | E124: 32.49 | F124: 0 | G124: =((G123 + E124) - F124) -> 75.22 | H124: 38.99 | I124: 6.5
A125: 45833 | B125: Spend Money | C125: David Colvin - Thunderstruck Ticket Share | E125: 235.2 | F125: 0 | G125: =((G124 + E125) - F125) -> 310.42 | H125: 235.2 | I125: 0
A126: 45861 | B126: Spend Money | C126: South Lanarkshire Council - Licence for Comedy Night May | E126: 10 | F126: 0 | G126: =((G125 + E126) - F126) -> 320.42 | H126: 10 | I126: 0
A127: 45861 | B127: Spend Money | C127: South Lanarkshire Council - Licence for Comedy Night May | E127: 10 | F127: 0 | G127: =((G126 + E127) - F127) -> 330.42 | H127: 10 | I127: 0
...

Sheet Grant Code 200
A1: GCG - Sales - Grant Income Transactions
A2: Glassford Community Group
A3: For the period 1 April 2025 to 31 March 2026
A5: Date | B5: Source | C5: Description | D5: Reference | E5: Debit | F5: Credit | G5: Running Balance | H5: Gross | I5: VAT
A7: GCG - Sales - Grant Income
A8: 45748 | B8: Manual Journal | C8: Reversal: Defer Part of £15k Grant Income recvd 13/1/25, but only part used - Defer Part of £15k Grant Income recvd 13/1/25, but only part used | D8: #688 | E8: 0 | F8: 11243.91 | G8: 0 | H8: 11243.91 | I8: 0
A9: 45770 | B9: Receive Money | C9: County Durham Grant - Grant for Community Project | E9: 0 | F9: 15000 | G9: 0 | H9: 15000 | I9: 0
A10: 45810 | B10: Receive Money | C10: Grant Income South Lanarkshire - Grant Income for build | E10: 0 | F10: 8846.23 | G10: 0 | H10: 8846.23 | I10: 0
A11: 45979 | B11: Receive Money | C11: BGC Grant - Grant Income for Professional Fees Hall Development | E11: 0 | F11: 6663.22 | G11: 0 | H11: 6663.22 | I11: 0
A12: Total GCG - Sales - Grant Income | E12: 0 | F12: 0 | G12: 0 | H12: 0 | I12: 0
A14: Total | E14: =SUM(E8:E11) -> 0 | F14: =SUM(F8:F11) -> 41753.36 | G14: =SUM(G8:G11) -> 0 | H14: =SUM(H8:H11) -> 41753.36 | I14: 0
C16: Need to analyse all Grant Income in year versus costs expended in year to ascertain if any Grant Income needs 'held over to next year, and ensure we have matched income against matched spend
A19: 45786 | B19: Spend Money | C19: Angus Designs - Search Fees | D19: Grant | E19: 18659.61 | F19: 0 | G19: =(E19 - F19) -> 18659.61 | H19: 22391.53 | I19: 3731.92
A20: 45971 | B20: Spend Money | C20: Angus Designs - Design Fees | D20: Grant | E20: 16804.19 | F20: 0 | G20: =((G19 + E20) - F20) -> 35463.8 | H20: 20165.03 | I20: 3360.84
D21: Grant Defer to 26/27 | G21: =+F14-G20 -> 6289.56
A23: Prepaid Grant Monies as at 231/3/25:
A24: 45670 | B24: Receive Money | C24: County Durham Grant - Grant for Community Project | E24: 0 | F24: 15000 | G24: 0 | H24: 15000 | I24: 0
A25: 45517 | B25: Spend Money | C25: South Lanarkshire Council - Cost to release planning permission | E25: 106.09 | F25: 0 | G25: 0 | H25: 106.09 | I25: 0
A26: 45684 | B26: Spend Money | C26: Ardmore Point Ltd. - Topographical report, Coal Board, Ground Investigation, Utility Plan, Coal Plan and Desk Study | E26: 3650 | F26: 0 | G26: 0 | H26: 4380 | I26: 730
E28: =SUM(E24:E27) -> 3756.09 | F28: =SUM(F24:F27) -> 15000
F30: =+F28-E28 -> 11243.91
C32: Prepaid Grant Income - Journal Required: | E32: Dr | F32: Cr
C34: GCG - Sales - Grant Income | D34: 200 | E34: =+G21 -> 6289.56
C35: Accruals/Prepaid Income | D35: 805 | F35: =+E34 -> 6289.56

Sheet BS Adjustments
C6: Adjustments to Consider for Xero
C8: 1 | D8: Stock Adjustment
D9: Stock Value @ 31/3/26 | F9: =+'Stock Take Values'!F124 -> 2974.3
D10: 630 Inventory | F10: =+'Trial Balance'!F36 -> 2104.24
D11: 635 Bar Stock | F11: =+'Trial Balance'!F37 -> 583.91
D12: Adjustment Req'd | F12: =+F9-F11-F10 -> 286.15 | G12: Dr 635 | H12: Cr 314
C14: 2 | D14: Accruals/Prepayments:
D15: Sales After Year-End | I15: 2025-26 P&L Items to Prepay/Accrue:
D16: Costs After Year-End | I16: Code 210 B&G Ticket sales -
D17: EDF Utilities | I17: Code 221 + 222-Bar Sales & Raffles-
I18: Code 220 Ticket Sales-
I19: Code 312-CoS-B&G -
I20: Code 365 - B&G Festival Costs -
I21: Code 375 - Other Events - P
I22: Code 395 - Other/Misc -
I23: Code 342 - Utilities -
C26: 3 | D26: Grant Income Prepayment:
C27: .

Sheet P&L
A1: Profit and Loss
A2: Glassford Community Group
A3: For the year ended 31 March 2026
A5: Account | B5: 2026
A7: Turnover
A8: GCG - Income - B&G Festival - Bar Takings | B8: 9282.37
A9: GCG - Income - B&G Festival - Other Income | B9: 1073.33
A10: GCG - Income - B&G Festival - Sponsors | B10: 3733.33
A11: GCG - Income - B&G Festival - Stall & Catering Holders | B11: 2716.67
A12: GCG - Income - B&G Festival - Ticket Sales | B12: 3191.52
A13: GCG - Income - Hall Hires | B13: 6669.2
A14: GCG - Income - Other | B14: 2.46
A15: GCG - Income from Events (Comedy, Music etc) - Bar Takings | B15: 5515.82
A16: GCG - Income from Events (Comedy, Music etc) - Raffle/Donations | B16: 3087.49
A17: GCG - Income from Events (Comedy, Music etc) - Ticket Sales | B17: 2601.5
A18: GCG - Other Revenue XXX | B18: 70
A19: GCG - Sales - Grant Income | B19: 41753.36 | C19: Needs reviewed against spend, accrual at Y/E
A20: Total Turnover | B20: =SUM(B8:B19) -> 79697.05
A22: Cost of Sales
A23: GCG - Cost of Sales on Bar Takings - All Other Events | B23: 5974.97
A24: GCG - Cost of Sales on Bar Takings - B&G Festival | B24: 2151.99
A25: Total Cost of Sales | B25: =SUM(B23:B24) -> 8126.96
A27: Gross Profit | B27: =(B20 - B25) -> 71570.09
A29: Administrative Costs
A30: GCG - B&G Festival Costs | B30: 12313.91
A31: GCG - Equipment & Rental costs | B31: 1942.54
A32: GCG - Hall Refurb Project - Prof Fees | B32: 35463.8 | C32: Needs Reviewed against grant income (Angus Designs-2 invoices-£18,659.61 + £16,804.19)
A33: GCG - Hall Repairs & Maintenance Costs | B33: 2567.52
A34: GCG - Insurance | B34: 1574.07
A35: GCG - Other Events Costs | B35: 3200.99
A36: GCG - Other/Misc Costs | B36: 2759.44
A37: GCG - Utilities Costs | B37: 1803.06 | C37: Accrual?
A38: GCG - Web, Tech etc | B38: 590.64
A39: Total Administrative Costs | B39: =SUM(B30:B38) -> 62215.97
A41: Operating Profit | B41: =((B27 + 0) - (0 + B39)) -> 9354.12
A43: Profit on Ordinary Activities Before Taxation | B43: =(B41 + 0) -> 9354.12
A45: Profit after Taxation | B45: =(B43 - 0) -> 9354.12

Sheet Bal Sheet
A1: Balance Sheet
A2: Glassford Community Group
A3: As at 31 March 2026
B5: Account | C5: 31 Mar 2026
A7: Fixed Assets
B8: Tangible Assets
B9: Buildings | C9: 30480
B10: Total Tangible Assets | C10: =C9 -> 30480
A11: Total Fixed Assets | C11: =(0 + C10) -> 30480
A13: Current Assets
B14: Cash at bank and in hand
B15: Glassford Community Group | C15: 29269.62 | D15: Statement Balance £29,149.62. £120 difference. Value of Sponsor money?
B16: Glassford Community Group#001 | C16: 7393.22 | D16: Reconciles to Bank Statement at 31/3/26
B17: Petty Cash | C17: 11217.1 | D17: Reconciles to Statement on Xero, but does this reconcile to what we were actually holding in cash at that time?
B18: Total Cash at bank and in hand | C18: =SUM(C15:C17) -> 47879.94
B19: Accounts Receivable | C19: 540 | D19: Needs Reviewed
B20: Bar Stock | C20: 583.91
B21: Inventory | C21: 2104.24 | D21: Stock needs adjusted to Stocktake value of £2,974.30
A22: Total Current Assets | C22: =(SUM(C19:C21) + C18) -> 51108.09
A24: Creditors: amounts falling due within one year
B25: VAT | C25: 1413.59 | D25: Vat return for March was a debtor (refunable) of £1,061.94, so appears to be a £2,475.53 difference?
A26: Total Creditors: amounts falling due within one year | C26: =C25 -> 1413.59
B28: Net Current Assets (Liabilities) | C28: =(C22 - C26) -> 49694.5
B30: Total Assets less Current Liabilities | C30: =(C11 + C28) -> 80174.5
B32: Net Assets | C32: =(C30 - (0 + 0)) -> 80174.5
A34: Capital and Reserves
B35: Current Year Earnings | C35: 9354.12
B36: Retained Earnings | C36: 70820.38
A37: Total Capital and Reserves | C37: =SUM(C35:C36) -> 80174.5

Sheet Accs Reveivable
A1: Accounts Receivable Transactions
A2: Glassford Community Group
A3: For the period 1 April 2025 to 31 March 2026
A5: Date | B5: Source | C5: Description | D5: Reference | E5: Debit | F5: Credit | G5: Running Balance | H5: Gross | I5: VAT
A7: Accounts Receivable
A8: Opening Balance | E8: 0 | F8: 0 | G8: 0 | H8: 0 | I8: 0
A9: 45762 | B9: Receivable Invoice | C9: EK Dog Training | D9: April Hall Hire | E9: 375 | F9: 0 | G9: 0 | H9: 375 | I9: 0
A10: 45762 | B10: Receivable Invoice | C10: Jo Martin | D10: Hall Hire March | E10: 125 | F10: 0 | G10: 0 | H10: 125 | I10: 0
A11: 45762 | B11: Receivable Invoice | C11: K Skimming | D11: Birthday Party Hall Hire | E11: 90 | F11: 0 | G11: 0 | H11: 90 | I11: 0
A12: 45764 | B12: Receivable Payment | C12: Payment: K Skimming | D12: Birthday Party Hall Hire | E12: 0 | F12: 90 | G12: 0 | H12: -90 | I12: 0
A13: 45764 | B13: Receivable Payment | C13: Payment: Jo Martin | D13: Hall Hire March | E13: 0 | F13: 125 | G13: 0 | H13: -125 | I13: 0
A14: 45782 | B14: Receivable Payment | C14: Payment: EK Dog Training | D14: April Hall Hire | E14: 0 | F14: 375 | G14: 0 | H14: -375 | I14: 0
A15: 45796 | B15: Receivable Invoice | C15: Charles Ferrier | D15: Hall Hire May | E15: 60 | F15: 0 | G15: 0 | H15: 60 | I15: 0
A16: 45796 | B16: Receivable Invoice | C16: EK Dog Training | D16: Hall Hire May | E16: 240 | F16: 0 | G16: 0 | H16: 240 | I16: 0
A17: 45796 | B17: Receivable Invoice | C17: Jo Martin | D17: Hall Hire April | E17: 75 | F17: 0 | G17: 0 | H17: 75 | I17: 0
A18: 45797 | B18: Receivable Payment | C18: Payment: Jo Martin | D18: Hall Hire April | E18: 0 | F18: 75 | G18: 0 | H18: -75 | I18: 0
A19: 45799 | B19: Receivable Payment | C19: Payment: EK Dog Training | D19: Hall Hire May | E19: 0 | F19: 240 | G19: 0 | H19: -240 | I19: 0
A20: 45804 | B20: Receivable Payment | C20: Payment: Charles Ferrier | D20: Hall Hire May | E20: 0 | F20: 60 | G20: 0 | H20: -60 | I20: 0
... A187: 46108 | B187: Receivable Payment | C187: Payment: Drain Fix Solutions | D187: Glassfest Sponsor | E187: 0 | F187: 120 | G187: 0 | H187: -120 | I187: 0
A188: Total Accounts Receivable | E188: 0 | F188: 0 | G188: 0 | H188: 0 | I188: 0
A189: Closing Balance | E189: 540 | F189: 0 | G189: 0 | H189: 0 | I189: 0
A191: Total | E191: 0 | F191: 0 | G191: 0 | H191: 0 | I191: 0

Sheet Stock Take Values
C2: COMPILED BY | D2: DATE
B3: STOCK TAKE | C3: J Crawford | D3: 46129
B5: LOCATION: Glassford Community Hall
B6: CATEGORY | C6: ITEM SIZE | D6: STOCK QUANTITY | E6: Stock cost per unit | F6: Stock Value
B8: GLASS BOTTLE MIXERS & CANS
B9: Schweppes Soda Water | C9: 200 ml | D9: 48 | E9: 0.4 | F9: 19.2
B10: Fevertree Tonic | C10: 200 ml | D10: 72 | E10: 0.4 | F10: 28.8
B11: Diet Coke cans | C11: 330ml | D11: 68 | E11: 0.3 | F11: 20.4
B12: Coke cans | C12: 330ml | D12: 96 | E12: 0.3 | F12: 28.8
B13: Irn Bru | C13: 330ml | D13: 34 | E13: 0.3 | F13: 10.2
B14: Dt Irn Bru | C14: 330 ml | D14: 3 | E14: 0.3 | F14: 0.9
B15: Appletise | C15: 250 ml | D15: 24 | E15: 0.75 | F15: 18
B16: Red Bull/Sugar Free Red Bull | C16: 250 ml | D16: 36 | E16: 0.75 | F16: 27
B18: PLASTIC BOTTLE MIXERS
B19: Ginger Ale | C19: 1 litre | D19: 7 | E19: 0.75 | F19: 5.25
B20: Coke | C20: 2 litre | D20: 2 | E20: 0.75 | F20: 1.5
B21: Diet Coke | C21: 2 litre | D21: 1 | E21: 0.75 | F21: 0.75
B22: Diet Irn Bru | C22: 2 litre | D22: 4 | E22: 1 | F22: 4
B23: Irn Bru | C23: 2 litre | D23: 6 | E23: 1 | F23: 6
B24: Bottled Water | C24: 500 ml | D24: 112 | E24: 0.25 | F24: 28
B25: Dt Lemonade | C25: 2 litre | D25: 3 | E25: 1 | F25: 3
B27: FRUIT JUICE & CORDIALS
B28: Lime Cordial | C28: 10 litres | D28: 1 | E28: 2 | F28: 2
B29: Blackcurrant Cordial | C29: 1 litre | D29: 1 | E29: 0.5 | F29: 0.5
F30: 0
B31: NON-ALCOHOL SPIRITS AND BEERS
B32: Gin | C32: 70cl | D32: 0.5 | E32: 18 | F32: 9
B33: Heineken (for Blade) | D33: 7 | E33: 5 | F33: 35
B34: Alcohol Free Beer | C34: 330 ml | D34: 51 | E34: 1 | F34: 51
B35: MISCELLANEOUS BEERS
B36: Moretti (Glass Bottle) | C36: 330 ml | D36: 24 | E36: 1 | F36: 24
B38: CANNED BEER & CIDERS
B39: Budweiser | C39: 440 ml | D39: 189 | E39: 1 | F39: 189
B40: Guinness | C40: 440 ml | D40: 116 | E40: 1 | F40: 116
B41: Tennents | C41: 440 ml | D41: 252 | E41: 1 | F41: 252
B42: Strongbow Original | C42: 440 ml | D42: 139 | E42: 1 | F42: 139
B43: Strongbow Dark Fruits | C43: 440 ml | D43: 127 | E43: 1 | F43: 127
B44: Moretti | C44: 440 ml | D44: 136 | E44: 1 | F44: 136
B45: Cruz Campo | C45: 440 ml | D45: 21 | E45: 1 | F45: 21
B46: Peroni | C46: 440 ml | D46: 148 | E46: 1 | F46: 148
B49: WINE
B50: Prosecco | C50: 200 ml | D50: 48 | E50: 1.5 | F50: 72
B51: White Wine (Sauvignon Blanc) | C51: 187.5 ml | D51: 76 | E51: 1.5 | F51: 114
B52: White Wine (Pinot Grigio) | C52: 187.5 ml | D52: 55 | E52: 1.5 | F52: 82.5
B53: Rose | C53: 187.5 ml | D53: 62 | E53: 1.5 | F53: 93
B54: Red Wine | C54: 187.5 ml | D54: 66 | E54: 1.5 | F54: 99
B56: SPIRITS
B57: Jack Daniels | C57: 1 litre | D57: 1.2 | E57: 22 | F57: 26.4
B58: Brandy | C58: 70 cl | D58: 1 | E58: 25 | F58: 25
B60: WHISKY
B61: Grouse Whisky | C61: 1 litre | D61: 0.5 | E61: 22 | F61: 11
B63: RUM
B64: Bacardi Rum | C64: 1.5 litres | D64: 1.25 | E64: 27 | F64: 33.75
B65: Morgan Spice | C65: 1.5 litres | D65: 1.2 | E65: 28 | F65: 33.6
B66: Kraken Spiced Rum | C66: 70 cl | D66: 2 | E66: 22 | F66: 44
B67: Kraken Cherry Rum | C67: 70 cl | D67: 1 | E67: 22 | F67: 22
B68: Dead Man's Fingers Spiced Rum | C68: 70 cl | D68: 1 | E68: 24 | F68: 24
B69: Kraken Caramel and Sea Salt | C69: 70 cl | D69: 0.5 | E69: 22 | F69: 11
B70: Captain Morgan's Mango and Pineapple | C70: 70 cl | D70: 0.9 | E70: 18 | F70: 16.2
B72: GIN
B73: Gordon's Original | C73: 1.5 litre | D73: 1.25 | E73: 23 | F73: 28.75
B74: Gordon's Pink Gin | C74: 1.5 litre | D74: 1.9 | E74: 23 | F74: 43.7
B75: Monkey 47 Sloe Gine | C75: 50 cl | D75: 1 | E75: 25 | F75: 25
B76: Misty Isle Sweet and Salty | C76: 70 cl | D76: 0.9 | E76: 25 | F76: 22.5
B77: Misty Isle Fruity and Floral | C77: 70 cl | D77: 0.9 | E77: 25 | F77: 22.5
B78: Misty Isle Aromatic | C78: 70 cl | D78: 0.9 | E78: 25 | F78: 22.5
B79: Bothy Gin Gunshot Gin | C79: 70 cl | D79: 0.9 | E79: 25 | F79: 22.5
B80: Bothy Gin Chilli | C80: 50 cl | D80: 0.2 | E80: 22 | F80: 4.4
B81: Wee Coorie Gin | C81: 50 cl | D81: 0.5 | E81: 22 | F81: 11
B82: Wee Farm Farmers Strength | C82: 50 cl | D82: 0.2 | E82: 22 | F82: 4.4
B83: Wee Farm Clydesdale Gin | C83: 50 cl | D83: 0.2 | E83: 22 | F83: 4.4
B84: Wee Farm Bramley Apple | C84: 50 cl | D84: 0.8 | E84: 22 | F84: 17.6
... B94: Biggar Gin - Navy Strength | C94: 70 cl | D94: 0.2 | E94: 25 | F94: 5
B96: Vodka
B98: Smirnoff Vodka | C98: 70 cl | D98: 8 | E98: 22 | F98: 176
B99: Absolut Vanilla | C99: 70 cl | D99: 1.2 | E99: 22 | F99: 26.4
B100: Holy Cross Appl | C100: 70 cl | D100: 0.7 | E100: 22 | F100: 15.4
B101: Blackcurrant Vodka | C101: 70 cl | D101: 0.1 | E101: 22 | F101: 2.2
B103: OTHERS
B104: Southern Comfort | C104: 2 litre | D104: 0.4 | E104: 36 | F104: 14.4
B105: Tequila (SILVER) | C105: 70 cl | D105: 1.3 | E105: 22 | F105: 28.6
B106: Cointreau | C106: 50 cl | D106: 0.5 | E106: 20 | F106: 10
B107: Tequila Rose | C107: 70 cl | D107: 2 | E107: 22 | F107: 44
B108: Dead Man's Fingers Tequila Cream | C108: 50 cl | D108: 1 | E108: 22 | F108: 22
B114: CRISPS/CHOCOLATE/NUTS
B115: Salt and Vinegar | C115: 48 | D115: 0.5 | E115: 16 | F115: 8
B116: PrawnCocktail | C116: 48 | D116: 0.5 | E116: 16 | F116: 8
B117: Cheese and Onion | C117: 48 | D117: 0.5 | E117: 16 | F117: 8
B118: Ready Salted | C118: 48 | D118: 0.5 | E118: 16 | F118: 8
B119: Salted Peanuts | C119: 48 | D119: 1 | E119: 16 | F119: 16
B120: M&Ms | C120: 24 | D120: 0.5 | E120: 22 | F120: 11
B121: Mars Bar | C121: 24 | D121: 1 | E121: 22 | F121: 22
B122: Kit Kat | C122: 24 | D122: 0.5 | E122: 22 | F122: 11
D124: Total Stock value | F124: 2974.3
